Map: Ley Lines

Players

KimChiLoVer - Winner!

  • Race: Terran Terran
  • League: Diamond
  • Spawn Location: 1:00

A.I. 1 (Easy)

  • Race: Protoss Protoss
  • Spawn Location: 7:00

VOD

Have the link to the VOD?

Description

Time

  • Played on: Sept. 2, 2025, 9:27 p.m.
  • Length: 5:37
Show
View Real Time Build Order
Export as new Build Order

KimChiLoVer Terran - Winner!

Build Orders: Cyclone Opening 

Get SALT Encoding   

  12  0:00  SCV  
  13  0:12  SCV  
  14  0:17  Supply Depot  
  14  0:26  SCV  
  15  0:39  SCV  
  15  0:40  Barracks  
  16  0:44  Refinery  
  16  0:51  SCV  
  16  0:53  Refinery  
  17  1:03  SCV  
  18  1:15  SCV  
  19  1:27  Orbital Command  
  19  1:29  Reaper  
  19  1:30  Supply Depot  
  20  1:44  Factory  
  20  1:53  SCV  
  21  2:01  Barracks Reactor  
  21  2:08  SCV  
  22  2:20  Command Center  
  22  2:31  Starport  
  22  2:32  Factory Tech Lab  
  22  2:42  Marine x2  
  24  2:55  Cyclone  
  27  3:10  Medivac  
  29  3:14  Supply Depot  
  29  3:16  Marine x2  
  31  3:32  SCV, Siege Tank  
  35  3:39  Marine  
  35  3:40  Marine  
  37  3:43  Viking  
  37  3:46  SCV  
  40  3:52  Supply Depot  
  40  4:12  Orbital Command  
  40  4:14  Siege Tank  
  43  4:18  Viking  
  43  4:20  Marine  
  43  4:21  Marine  
  47  4:34  SCV  
  47  4:38  Supply Depot  
  48  4:46  SCV  
  48  4:48  Viking  
  51  5:03  Siege Tank  
  51  5:04  Marine x2  
Show
View Real Time Build Order
Export as new Build Order

A.I. 1 (Easy) Protoss 

Build Orders:  

Get SALT Encoding   

  12  0:00  Probe  
  13  0:13  Probe  
  14  0:19  Pylon  
  14  0:25  Probe  
  15  0:33  Probe  
  16  0:43  Assimilator  
  16  0:51  Gateway  
  16  0:54  Pylon  
  16  1:17  Assimilator  
  16  1:30  Zealot  
  18  1:42  Cybernetics Core  
  18  2:06  Pylon, Probe  
  18  2:10  Warp Gate  
  18  2:14  Probe  
  18  2:15  Stalker  
  22  2:24  Probe  
  23  2:36  Probe  
  24  2:48  Probe  
  24  2:50  Adept  
  27  3:00  Probe  
  29  3:20  Stalker  
  30  3:57  Adept  
  32  4:51  Stalker  
  30  4:58  Pylon  
  24  5:05  Probe  
  22  5:13  Probe  
  16  5:14  Stalker  
  9  5:21  Probe  
Tags
 
League
Diamond
Matchup
PvT
Spawn Locations
Cross Positions
Add a new tag
Caveats
  • Supply blocks, unpowered buildings, or Contaminate may cause inaccurate times.
  • Supply counts are checked every 10 seconds.